Map: Golden Wall LE

Players

HeroMarine - Winner!

  • Race: Terran Terran
  • Spawn Location: 7:00

SortOf

  • Race: Zerg Zerg
  • League: Grandmaster
  • Spawn Location: 5:00

Event: DreamHack SC2 Masters 2020 Fall

VOD

Have the link to the VOD?

Description

Time

  • Played on: Aug. 27, 2020, 11:42 a.m.
  • Length: 13:40

All games in this series

Show
View Real Time Build Order
Export as new Build Order

HeroMarine Terran - Winner!

Build Orders: Reaper Expand 

Get SALT Encoding   

  12  0:00  SCV  
  13  0:12  SCV  
  14  0:18  Supply Depot  
  14  0:24  SCV  
  15  0:39  SCV  
  15  0:40  Barracks  
  16  0:43  Refinery  
  16  0:51  SCV  
  17  1:03  SCV  
  18  1:15  SCV  
  19  1:28  Orbital Command, Reaper  
  20  1:41  Command Center  
  20  1:50  Supply Depot  
  20  1:53  SCV  
  21  1:59  Marine  
  22  2:05  SCV  
  23  2:14  Factory  
  23  2:17  SCV  
  23  2:21  Barracks Reactor  
  24  2:29  SCV  
  25  2:41  SCV  
  26  2:48  Command Center  
  26  2:53  SCV  
  26  2:54  Orbital Command  
  27  3:05  Barracks Tech Lab  
  27  3:06  Barracks  
  27  3:08  SCV  
  28  3:15  Hellion  
  28  3:16  Hellion  
  28  3:19  SCV  
  33  3:22  SCV  
  33  3:24  Marine  
  35  3:28  Stimpack  
  35  3:32  SCV  
  35  3:34  SCV  
  37  3:37  Refinery  
  37  3:42  Marine  
  37  3:44  SCV  
  37  3:46  SCV  
  40  3:49  Engineering Bay  
  40  3:56  SCV  
  40  3:58  SCV  
  40  4:00  Marine x3  
  40  4:01  Orbital Command  
  45  4:08  SCV  
  46  4:10  SCV  
  46  4:12  Starport, Supply Depot  
  46  4:14  Factory Reactor  
  47  4:20  SCV, Terran Infantry Weapons Level 1  
  47  4:22  SCV  
  47  4:23  Marine  
  50  4:24  Refinery  
  50  4:25  Marine  
  50  4:26  Marine  
  50  4:29  SCV  
  53  4:32  SCV  
  53  4:34  SCV  
  53  4:36  Supply Depot  
  53  4:37  Supply Depot  
  55  4:41  SCV  
  55  4:44  SCV  
  57  4:45  Barracks  
  57  4:47  Marine x2  
  57  4:48  Marine  
  57  4:50  SCV  
  61  4:55  Supply Depot  
  61  4:56  SCV  
  62  5:02  SCV, Supply Depot  
  62  5:05  Orbital Command, Medivac x2  
  62  5:06  Widow Mine  
  69  5:08  SCV  
  69  5:11  Marine x3  
  73  5:14  Combat Shield, Supply Depot  
  73  5:17  SCV  
  73  5:20  SCV  
  75  5:23  Missile Turret  
  75  5:26  Missile Turret  
  75  5:28  Missile Turret  
  75  5:29  Missile Turret  
  75  5:32  SCV, Factory Reactor  
  75  5:33  SCV  
  77  5:36  SCV  
  77  5:38  Marine x2  
  77  5:40  Barracks Reactor  
  80  5:44  SCV  
  80  5:45  SCV  
  80  5:48  SCV  
  83  5:53  Barracks  
  83  5:54  Barracks  
  83  5:56  Marine x3  
  86  5:57  SCV  
  86  5:58  SCV  
  86  6:00  Refinery, SCV  
  86  6:03  Supply Depot  
  87  6:13  SCV x3  
  87  6:14  Terran Infantry Armor Level 1, Marine x3  
  87  6:23  Marine  
  87  6:24  Marine  
  87  6:25  SCV x2  
  89  6:26  SCV  
  89  6:30  Missile Turret  
  90  6:33  Medivac, Widow Mine x2  
  90  6:35  Medivac  
  90  6:37  SCV x2  
  90  6:38  SCV  
  101  6:41  Barracks Reactor  
  101  6:42  Barracks Reactor  
  101  6:49  SCV x2, Marine x3  
  101  6:50  SCV, Marine x2  
  107  6:56  Factory  
  109  7:02  Supply Depot  
  109  7:03  Supply Depot  
  109  7:06  Armory, Engineering Bay  
  109  7:07  Marine x2  
  109  7:14  Marine  
  109  7:16  SCV  
  109  7:17  SCV  
  109  7:18  Marine  
  109  7:19  SCV  
  109  7:22  Marine x2  
  107  7:23  Marine  
  107  7:24  Marine  
  107  7:25  Marine x2  
  107  7:26  Marine  
  107  7:29  SCV x2  
  112  7:31  SCV  
  112  7:32  Widow Mine x2  
  112  7:33  Marine  
  112  7:36  Supply Depot, Marine  
  117  7:39  Missile Turret  
  117  7:41  Medivac x2, SCV x2  
  117  7:43  SCV  
  124  7:47  Marine  
  125  7:56  Terran Infantry Weapons Level 2  
  125  7:57  Terran Vehicle And Ship Armor Level 1, Marine  
  130  7:58  Widow Mine x2  
  130  8:01  Factory, Marine x3  
  130  8:03  Marine x2  
  130  8:04  Supply Depot  
  130  8:05  Marine x2  
  135  8:09  Marine  
  138  8:12  Terran Infantry Armor Level 2  
  138  8:15  Marine  
  138  8:17  Refinery  
  137  8:21  Supply Depot  
  137  8:23  Marine  
  137  8:24  Marine  
  137  8:25  Marine  
  144  8:27  Medivac, Widow Mine x2  
  144  8:30  Supply Depot  
  144  8:31  Medivac  
  148  8:34  Marine  
  148  8:38  Marine  
  148  8:39  Marine  
  149  8:43  SCV x3  
  149  8:44  Factory Tech Lab  
  149  8:45  Supply Depot  
  152  8:51  Marine x2  
  152  8:55  SCV x3  
  152  8:56  Marine x5  
  157  9:07  SCV x3  
  159  9:11  Drilling Claws, Thor  
  159  9:16  Marine  
  159  9:17  Marine  
  157  9:20  Marine  
  155  9:31  Marine  
  155  9:32  Marine  
  155  9:33  Marine x2  
  155  9:34  Marine x2  
  155  9:35  Marine  
  155  9:36  Marine  
  163  9:44  Widow Mine x2  
  167  9:52  Marine x4  
  171  9:55  Command Center, Thor  
  165  10:01  Marine x5  
  165  10:03  Terran Vehicle And Ship Armor Level 2, Supply Depot  
  165  10:05  Supply Depot  
  170  10:07  Supply Depot  
  170  10:10  Marine x4  
  172  10:19  Marine  
  172  10:20  Terran Infantry Weapons Level 3  
  165  10:24  Widow Mine x2  
  165  10:25  Marine x4  
  165  10:27  Marine  
  165  10:28  Marine  
  174  10:35  Marine  
  174  10:37  SCV x3  
  174  10:39  Widow Mine, Marine  
  174  10:40  Marine  
  181  10:45  Widow Mine, Marine  
  181  10:49  Marine x2  
  162  10:51  Widow Mine  
  162  10:52  Medivac x2  
  160  10:57  Marine  
  160  10:58  Marine x5  
  160  11:00  Widow Mine  
  160  11:03  Marine  
  167  11:16  SCV  
  167  11:17  SCV x2  
  167  11:19  Marine x8  
  167  11:21  Marine  
  167  11:23  Missile Turret x2  
  172  11:34  Widow Mine x2  
  172  11:37  Marine x7  
  183  11:47  Planetary Fortress  
  183  11:49  Barracks  
  183  11:50  Barracks  
  183  11:51  Barracks  
  183  11:52  Marine  
  184  11:56  Marauder  
  184  11:57  Marine x2  
  184  11:58  Marine x2  
  184  11:59  Marine x2  
  192  12:11  Marine x2  
  192  12:12  Widow Mine x2  
  191  12:17  Widow Mine, Marauder  
  175  12:26  Marine x3  
  175  12:27  Marine  
  175  12:28  Marine  
  174  12:31  Marine x2  
  174  12:32  Marine  
  174  12:33  Widow Mine  
  173  12:38  Marauder  
  173  12:40  Orbital Command  
  156  12:44  Marine  
  156  12:50  Barracks Tech Lab x3  
  157  12:51  Marine  
  157  12:52  Marine x5  
  157  12:53  Marine  
  157  12:58  Missile Turret  
  164  12:59  Missile Turret  
  164  13:00  Marauder  
  164  13:02  Marine  
  164  13:04  Widow Mine x2  
  171  13:09  Marine x2  
  171  13:10  Marine  
  171  13:12  Marine x2  
  176  13:13  Marine x2  
  176  13:14  Marine x2  
  176  13:17  Marine  
Show
View Real Time Build Order
Export as new Build Order

SortOf Zerg 

Build Orders: Hatch First, Muta Ling Bane 

Get SALT Encoding   

  12  0:00  Drone  
  13  0:12  Overlord  
  13  0:18  Drone  
  14  0:31  Drone x2  
  16  0:48  Hatchery  
  15  0:52  Drone  
  15  0:56  Drone  
  17  0:59  Drone  
  18  1:11  Extractor  
  18  1:14  Spawning Pool  
  18  1:17  Drone  
  17  1:21  Drone  
  18  1:29  Drone  
  19  1:38  Drone  
  20  1:50  Overlord  
  20  2:01  Queen x2  
  20  2:02  Zergling x4  
  26  2:10  Drone  
  26  2:11  Drone  
  26  2:14  Metabolic Boost  
  28  2:21  Drone  
  29  2:25  Drone  
  30  2:36  Overlord  
  30  2:37  Queen  
  30  2:41  Queen  
  34  2:44  Drone  
  34  2:48  Drone  
  36  2:53  Overlord  
  36  2:56  Drone  
  36  2:57  Drone  
  38  3:07  Drone x2  
  40  3:14  Drone x3  
  40  3:16  Lair  
  40  3:19  Drone  
  44  3:22  Drone  
  44  3:23  Drone  
  46  3:27  Drone  
  46  3:28  Drone  
  48  3:38  Hatchery  
  47  3:42  Overlord  
  47  3:45  Extractor  
  47  3:46  Extractor  
  47  3:47  Drone x2  
  47  3:50  Drone  
  47  3:51  Drone  
  47  3:54  Drone x2  
  51  3:55  Drone  
  51  4:00  Baneling Nest  
  51  4:02  Zergling x2  
  52  4:04  Zergling x4  
  54  4:11  Drone, Queen  
  54  4:14  Overseer  
  57  4:18  Drone  
  58  4:25  Spire  
  58  4:26  Drone x2  
  58  4:27  Extractor  
  58  4:33  Overlord  
  58  4:34  Zergling x4  
  58  4:37  Spore Crawler  
  59  4:47  Overlord  
  59  4:49  Drone  
  59  4:50  Overlord  
  60  4:54  Overlord  
  60  4:56  Drone x2  
  60  4:58  Drone x4  
  66  5:02  Drone  
  66  5:04  Drone  
  68  5:10  Drone x2  
  68  5:14  Centrifical Hooks  
  70  5:15  Drone  
  70  5:16  Drone x2  
  70  5:17  Drone  
  74  5:22  Overlord  
  74  5:25  Zergling x6  
  77  5:28  Zergling x4  
  77  5:32  Zergling x4  
  77  5:33  Baneling x2  
  77  5:34  Baneling  
  80  5:40  Mutalisk x3  
  86  5:45  Mutalisk x2  
  86  5:48  Mutalisk  
  92  5:55  Drone x5, Extractor x2  
  95  6:03  Mutalisk  
  95  6:06  Zergling x14  
  95  6:10  Zergling x4  
  106  6:25  Overlord, Zergling x2  
  106  6:26  Evolution Chamber  
  104  6:34  Overseer  
  104  6:37  Overlord  
  104  6:39  Zerg Flyer Weapons Level 1  
  104  6:40  Overlord  
  104  6:41  Evolution Chamber, Overlord  
  104  6:42  Mutalisk  
  104  6:45  Drone x4  
  109  6:47  Hatchery  
  109  6:50  Drone x3  
  109  6:53  Zergling x6  
  114  6:55  Baneling  
  114  6:56  Baneling x3  
  114  7:02  Baneling x9  
  114  7:13  Zergling x16  
  117  7:21  Zergling x12  
  119  7:28  Zerg Ground Armor Level 1, Zerg Melee Weapons Level 1  
  119  7:29  Mutalisk  
  116  7:36  Mutalisk x3  
  117  7:40  Pneumatized Carapace  
  117  7:41  Overseer  
  123  7:50  Queen  
  125  7:54  Mutalisk x3  
  125  7:57  Zergling x10  
  125  7:58  Overlord  
  136  8:01  Drone x3  
  136  8:03  Drone x2  
  139  8:13  Mutalisk x2  
  139  8:16  Zergling x6  
  139  8:17  Zergling x2  
  147  8:23  Overlord  
  147  8:28  Mutalisk x2  
  147  8:30  Overlord  
  151  8:36  Extractor  
  151  8:37  Drone x3, Extractor  
  152  8:41  Overlord  
  152  8:42  Baneling x2  
  152  8:43  Baneling x4  
  152  8:44  Overlord, Baneling x6  
  152  8:45  Drone x6  
  148  8:58  Drone x5  
  149  9:05  Drone x4  
  149  9:06  Drone x3  
  149  9:08  Mutalisk x5  
  166  9:14  Baneling x6  
  166  9:19  Zergling x2  
  160  9:27  Zergling x12  
  158  9:36  Zergling x16  
  166  9:42  Baneling x8  
  168  9:45  Zergling x4  
  168  9:49  Zerg Melee Weapons Level 2, Zerg Ground Armor Level 2  
  168  9:50  Overlord  
  168  9:51  Overseer  
  168  9:58  Zergling x10  
  170  10:00  Baneling x3  
  170  10:06  Zergling x14  
  177  10:07  Zerg Flyer Weapons Level 2  
  175  10:21  Overlord  
  173  10:22  Overseer  
  173  10:25  Hatchery  
  173  10:26  Zergling x12  
  173  10:27  Baneling  
  173  10:28  Baneling x9  
  178  10:37  Queen  
  156  10:56  Mutalisk x6  
  149  10:59  Zergling x8  
  149  11:00  Zergling x16  
  149  11:01  Queen  
  173  11:06  Baneling x5  
  173  11:09  Zergling x8  
  177  11:15  Zergling x2  
  178  11:21  Baneling x10  
  178  11:23  Overlord  
  176  11:30  Mutalisk  
  176  11:31  Mutalisk x2  
  175  11:39  Zergling x22  
  163  11:46  Mutalisk x5  
  173  11:54  Mutalisk x4  
  173  11:56  Overlord  
  167  12:15  Drone x9  
  167  12:16  Drone x2  
  167  12:19  Zergling x10  
  175  12:27  Drone x5  
  175  12:28  Overlord  
  176  12:31  Zergling x8  
  156  12:45  Mutalisk x9  
  156  12:49  Baneling x11  
  169  12:52  Zergling x8  
  173  12:58  Extractor  
  173  12:59  Spore Crawler  
  173  13:00  Extractor  
  173  13:01  Zergling x10  
  173  13:03  Overseer  
  173  13:04  Baneling x4  
  150  13:20  Zergling x16  
  150  13:21  Zergling x2  

Tags
 
Add a new tag
Caveats
  • Supply blocks, unpowered buildings, or Contaminate may cause inaccurate times.
  • Supply counts are checked every 10 seconds.